AoeStats
← 帝国的铁汉

Arabia

507515050Analyzed
4v4 RM · 14d ago on Sep 18, 2026· 47m 43s· 8 players
Game mode
Random Map
Map size
Large (8 player)
Population
200
Speed
Normal
Resources
Standard
Victory
Conquest
Starting age
Dark Age
Ending age
Imperial Age
RankedLock teamsTeams togetherTeam positionsShared explorationLock speedFull tech treeHidden civsTurbo modeCheats
Victory
Defeat
🇨🇳 Magyars · China
1380
+11
🇨🇳 Saracens · China
1349
+12
🇭🇰 Hindustanis · Hong Kong SAR China
1226
+17
🇨🇳 Franks · China
1171
+20
🇹🇼 Persians · Taiwan
1305
-17
🇭🇰 Shu · Hong Kong SAR China
1287
-16
🇭🇰 Wu · Hong Kong SAR China
1261
-15
🇹🇼 Britons · Taiwan
1191
-12
野豬騎士來囉
4:29 Loom
9:00 Feudal Age
22:20 Castle Age
20:52 Double-Bit Axe
21:10 Horse Collar
21:41 Scale Barding Armor
23:15 Chain Barding Armor
23:45 Bloodlines
25:06 Forging
25:50 Husbandry
26:38 Iron Casting
26:56 Husbandry
36:09 Imperial Age
34:40 Wheelbarrow
35:48 Bow Saw
37:00 Plate Barding Armor
35:52 Cavalier
40:24 Blast Furnace
40:52 Conscription
40:17 Heavy Camel Rider
43:29 Hand Cart
44:04 Scale Mail Armor
45:18 Chain Mail Armor
45:28 Pikeman
46:08 Squires
45:54 Arson
48:06 Plate Mail Armor
47:01 Halberdier
S.H.E
7:18 Loom
9:51 Feudal Age
13:19 Double-Bit Axe
14:20 Fletching
16:15 Padded Archer Armor
18:43 Horse Collar
23:28 Wheelbarrow
28:43 Castle Age
27:41 Gold Mining
29:23 Bodkin Arrow
29:44 Leather Archer Armor
29:43 Bow Saw
29:50 Heavy Plow
30:29 Crossbowman
32:44 Ballistics
37:48 Imperial Age
藥膏
6:36 Loom
9:22 Feudal Age
11:42 Double-Bit Axe
12:04 Gold Mining
17:18 Fletching
17:59 Padded Archer Armor
26:16 Castle Age
25:31 Horse Collar
26:17 Crossbowman
26:54 Bodkin Arrow
27:15 Leather Archer Armor
29:41 Ballistics
32:52 Bow Saw
36:39 Wheelbarrow
39:35 Imperial Age
39:39 Arbalester
40:22 Bracer
41:21 Ring Archer Armor
44:11 Chemistry
45:55 Two-Man Saw
46:34 Conscription
46:47 Yeomen
Rudolf
6:31 Loom
9:24 Feudal Age
23:42 Castle Age
22:08 Double-Bit Axe
22:04 Horse Collar
22:49 Bloodlines
24:31 Scale Barding Armor
26:22 Husbandry
30:49 Forging
31:42 Chain Barding Armor
35:47 Wheelbarrow
35:31 Bow Saw
37:09 Heavy Plow
39:28 Hand Cart
39:05 Gold Mining
39:06 Stone Mining
42:33 Imperial Age
40:00 Fletching
40:11 Padded Archer Armor
40:28 Elite Skirmisher
41:05 Bodkin Arrow
41:23 Masonry
42:18 Ballistics
43:25 Leather Archer Armor
43:52 Iron Casting
43:33 Leather Archer Armor
42:43 Heavy Hei Guang Cavalry
43:29 Bracer
44:57 Leather Archer Armor
45:42 Blast Furnace
45:19 Plate Barding Armor
45:59 Chemistry
45:30 Conscription
45:21 Town Watch
帝国的铁汉
9:48 Loom
12:36 Feudal Age
20:27 Castle Age
19:32 Double-Bit Axe
20:02 Stone Mining
26:29 Town Watch
30:12 Wheelbarrow
30:49 Scale Barding Armor
32:01 Bloodlines
31:59 Fletching
32:55 Chain Barding Armor
32:38 Husbandry
35:55 Forging
37:01 Bow Saw
36:32 Horse Collar
36:44 Gold Mining
40:36 Imperial Age
39:19 Gold Shaft Mining
38:46 Heavy Plow
39:34 Hand Cart
39:57 Iron Casting
40:43 Elite Mameluke
42:20 Plate Barding Armor
41:23 Capped Ram
42:59 Conscription
42:46 Devotion
44:33 Blast Furnace
43:28 Bodkin Arrow
48:01 Bimaristan
CTO
7:12 Loom
9:28 Feudal Age
17:02 Double-Bit Axe
17:48 Horse Collar
25:40 Castle Age
24:27 Gold Mining
25:05 Fletching
25:45 Bloodlines
26:17 Bodkin Arrow
25:46 Elite Skirmisher
26:14 Elite Skirmisher
27:08 Bodkin Arrow
27:39 Padded Archer Armor
28:13 Scale Barding Armor
31:48 Chain Barding Armor
33:28 Husbandry
35:55 Wheelbarrow
37:44 Bow Saw
44:15 Stone Mining
45:38 Town Watch
46:49 Heavy Plow
别忘了喝醉
5:28 Loom
9:43 Feudal Age
17:16 Castle Age
15:36 Double-Bit Axe
16:33 Bloodlines
18:23 Scale Barding Armor
23:40 Husbandry
27:23 Forging
30:18 Wheelbarrow
30:41 Gold Mining
33:59 Gold Shaft Mining
33:47 Chain Barding Armor
39:29 Imperial Age
37:18 Hand Cart
36:48 Town Watch
37:44 Bow Saw
37:16 Horse Collar
38:14 Iron Casting
39:30 Heavy Camel Rider
41:28 Plate Barding Armor
42:01 Conscription
42:50 Blast Furnace
41:51 Padded Archer Armor
41:41 Fletching
41:37 Imperial Camel Rider
42:32 Stone Mining
42:51 Heavy Plow
42:20 Elite Skirmisher
45:35 Leather Archer Armor
45:16 Bodkin Arrow
47:18 Two-Man Saw
46:53 Ring Archer Armor
47:42 Thumb Ring
47:41 Bracer
48:03 Ballistics
47:54 Grand Trunk Road
青春如此多娇
10:27 Feudal Age
15:19 Castle Age
14:13 Double-Bit Axe
21:08 Scale Barding Armor
22:30 Forging
25:51 Chain Barding Armor
26:54 Wheelbarrow
28:27 Gold Mining
28:27 Stone Mining
30:07 Wheelbarrow
29:54 Husbandry
32:07 Wheelbarrow
32:10 Bow Saw
34:21 Iron Casting
35:44 Hand Cart
41:03 Imperial Age
38:18 Loom
41:04 Imperial Age
39:33 Gold Shaft Mining
41:08 Cavalier
42:57 Plate Barding Armor
43:23 Blast Furnace
43:00 Conscription
43:47 Paladin
46:09 Plate Barding Armor
46:35 Blast Furnace
Connection lost

Rejoining the realm…

Still unreachable

The connection could not be restored.

Session expired

The server has moved on; the page needs a fresh start.